 Dungeon Crawl Stone Soup version 0.27.1-33-g824d729ab1 (webtiles) character file.

Game seed: 9741003343861074776

214 potato4science the Sneak (level 5, -7/25 HPs)
             Began as a Spriggan Enchanter on Dec 15, 2021.
             Was an Initiate of Okawaru.
             Mangled by a river rat (9 damage)
             ... in a sewer.
             The game lasted 00:45:57 (7516 turns).

potato4science the Sneak (Spriggan Enchanter)       Turns: 7516, Time: 00:45:58

Health: -7/25      AC:  2    Str:  5    XL:     5   Next: 59%
Magic:  6/10       EV: 16    Int: 16    God:    Okawaru [......]
Gold:   162        SH:  5    Dex: 16    Spells: 5/9 levels left

rFire    . . .     SeeInvis +   g - +0 dagger (holy)
rCold    . . .     Faith    .   n - +0 buckler
rNeg     . . .     Spirit   .   b - +0 robe
rPois    .         Reflect  .   (helmet restricted)
rElec    .         Harm     .   (no cloak)
rCorr    .         Rampage  .   (gloves unavailable)
Will     .....                  (boots unavailable)
Stlth    ++........             (no amulet)
HPRegen  0.08/turn              (no ring)
MPRegen  0.12/turn              (no ring)

@: slow
A: very small, no large weapons, unfitting armour, see invisible, speed 3
a: Renounce Religion


You were in a sewer.
You worshipped Okawaru.
Okawaru was noncommittal.
You visited 2 branches of the dungeon, and saw 5 of its levels.
You also visited: Sewer.

You collected 188 gold pieces.
You spent 26 gold pieces at shops.

Inventory:

Hand Weapons
 a - a +1 dagger
 g - a +0 dagger of holy wrath (weapon)
Missiles
 h - 11 poisoned darts
Armour
 b - a +0 robe (worn)
 n - a +0 buckler (worn)
Jewellery
 d - a ring of willpower
Scrolls
 m - a scroll of identify
Potions
 c - a potion of berserk rage


   Skills:
 - Level 1.0 Fighting
 + Level 3.2 Short Blades
 - Level 1.0 Armour
 - Level 2.6 Dodging
 * Level 6.2 Stealth
 + Level 0.7 Shields
 - Level 2.6 Spellcasting
 + Level 4.4 Hexes
 - Level 1.0 Ice Magic


You had 5 spell levels left.
You knew the following spells:

 Your Spells              Type           Power      Damage    Failure   Level
b - Ensorcelled Hibernat  Hex/Ice        20%        N/A       16%         2
c - Blink                 Tloc           N/A        N/A       41%         2

Your spell library contained the following spells:

 Spells                   Type           Power      Damage    Failure   Level
 Corona                   Hex            17%        N/A       4%          1
 Confusing Touch          Hex            16%        N/A       14%         3
 Tukima's Dance           Hex            16%        N/A       14%         3
 Animate Skeleton         Necr           4%         N/A       30%         1
 Apportation              Tloc           4%         N/A       30%         1
 Summon Small Mammal      Summ           8%         N/A       30%         1
 Dazzling Flash           Conj/Hex       18%        N/A       36%         3
 Frozen Ramparts          Ice            10%        1d3       52%         3
 Lesser Beckoning         Tloc           1%         N/A       65%         3
 Ice Form                 Ice/Tmut       3%         N/A       94%         4
 Summon Ice Beast         Ice/Summ       3%         N/A       94%         4
 Manifold Assault         Tloc           2%         N/A       100%        5


Dungeon Overview and Level Annotations

Branches:
Dungeon (4/15)             Temple (1/1) D:4           Sewer (1/1)

Altars:
Ashenzari
Dithmenos
Fedhas
Gozag
Kikubaaqudgha
Makhleb
Okawaru
Trog
Wu Jian
Xom

Shops:
D:3 ?*(:!


Innate Abilities, Weirdness & Mutations

You are very small and have problems with some larger weapons.
You are too small for most types of armour.
You have supernaturally acute eyesight. (SInv)
You cover ground extremely quickly. (Speed+++)


Message History

You enter the shallow water.
Moving in this stuff is going to be slow. 3 rats come into view.
Welcome back, potato4science the Spriggan Enchanter.
Okawaru says: Bring me glory in combat!
Press ? for a list of commands and other information.
Okay, then.
Okay, then. 2 rats come into view. 3 rats and a river rat come into view.
The rat splashes around in the water.
A frilled lizard comes into view.
The river rat completely misses you.
The rat twitches its whiskers.
The river rat barely misses you.
Your unstable footing causes you to fumble your attack.
The river rat barely misses you.
Your unstable footing causes you to fumble your attack.
The rat barely misses you.
Your unstable footing causes you to fumble your attack.
The river rat misses you.
The rat splashes around in the water.
You barely miss the river rat.
The frilled lizard hisses angrily.
The river rat misses you.
An adder comes into view.
You block the rat's attack. The river rat closely misses you.
You closely miss the river rat. The river rat barely misses you.
A ball python comes into view.
The rat misses you. The river rat closely misses you.
The ball python hisses angrily.
You hit the river rat but do no damage. The river rat barely misses you.
You block the rat's attack. The river rat misses you.
You closely miss the river rat. You block the river rat's attack.
The rat bites you.
* * * LOW HITPOINT WARNING * * *
You block the river rat's attack.
Your unstable footing causes you to fumble your attack.
A ball python comes into view.
The river rat bites you!
You die...

### ..####
####....S
.....##
##........
......#
#...rr..#
......##
##....SS#
#.÷....#
....l.#
##.≈..##
##rrrr##
#≈≈≈≈≈≈#
#≈≈r≈r≈#
#≈≈≈≈≈≈#
#≈≈@rr≈#
#≈≈≈≈≈≈#
#≈≈≈rr≈#
#≈≈≈#≈≈#
#≈≈≈≈≈≈#
#≈≈≈≈≈≈#
#≈≈≈≈≈≈#
#≈≈≈≈≈≈#
#≈≈≈≈.≈#
#≈≈≈≈≈.#
#≈≈).≈≈#
#≈≈≈≈≈≈#
##≈.≈≈≈#
#≈≈≈≈≈≈#
#≈≈≈≈≈≈#
#≈≈≈≈≈≈#
#≈≈≈≈≈≈#


You could see an adder, 2 river rats, 2 ball pythons, a frilled lizard and 10
rats.

Vanquished Creatures
  7 gnolls
  4 adders
  5 river rats (Sewer)
  2 worms (D:2)
  2 dart slugs (D:1)
  5 orcs
  3 endoplasms
  2 giant cockroaches (D:1)
  6 goblins
  2 hobgoblins (D:2)
  4 quokkas
  A ball python (Sewer)
  2 frilled lizards
  2 kobolds (D:2)
  17 rats
64 creatures vanquished.

Vanquished Creatures (others)
  2 plants (D:1)
  4 toadstools (D:1)
6 creatures vanquished.

Grand Total: 70 creatures vanquished

Notes
Turn   | Place    | Note
-------+----------+-------------------------------------------
     0 | D:1      | potato4science the Spriggan Enchanter began the quest for
                  | the Orb.
     0 | D:1      | Reached XP level 1. HP: 9/9 MP: 5/5
   491 | D:1      | Reached skill level 1 in Fighting
   809 | D:1      | Reached XP level 2. HP: 12/14 MP: 6/6
  1584 | D:2      | Found a blossoming altar of Fedhas.
  1838 | D:2      | Reached XP level 3. HP: 18/18 MP: 8/8
  2176 | D:1      | Learned a level 2 spell: Ensorcelled Hibernation
  2184 | D:1      | Reached skill level 1 in Armour
  2655 | D:2      | Reached XP level 4. HP: 22/22 MP: 2/9
  2787 | D:2      | Reached skill level 5 in Stealth
  3269 | D:3      | Found Liubb's Magic Scroll Emporium.
  3272 | D:3      | Bought a scroll of identify for 26 gold pieces
  3426 | D:3      | Found Imiegik's Book Shop.
  4025 | D:3      | Learned a level 2 spell: Blink
  4152 | D:3      | Found Pedatiys's Distillery.
  4224 | D:3      | Found Faewniun's General Store.
  4597 | D:3      | Found Baoss's Weapon Emporium.
  4955 | D:3      | Reached skill level 1 in Ice Magic
  4955 | D:3      | Reached XP level 5. HP: 25/25 MP: 1/10
  5234 | D:3      | Found Imiegik's Book Shop.
  5243 | D:3      | Found Pedatiys's Distillery.
  5309 | D:3      | Found Baoss's Weapon Emporium.
  5457 | D:3      | Found Liubb's Magic Scroll Emporium.
  5585 | D:3      | Found Faewniun's General Store.
  5939 | D:4      | Found a staircase to the Ecumenical Temple.
  5947 | Temple   | Entered the Ecumenical Temple
  5962 | Temple   | Became a worshipper of Warmaster Okawaru
  6024 | D:4      | Found a glowing drain.
  6059 | D:4      | Noticed a necrophage
  6251 | Sewer    | Entered a sewer
  6387 | Sewer    | Reached skill level 6 in Stealth
  7484 | Sewer    | HP: 1/25 [poisoned by an adder]
  7516 | Sewer    | Mangled by a river rat

Illustrated notes

Levels and vault maps discovered:
D:1:      ldierk_walled_garden_2, layout_loops_cross
D:2:      layout_loops_cross, basic_altar, st_stairs_4,
          chequers_serial_rivers_room_a, grunt_ministairs_13
D:3:      layout_basic, serial_aquarium, aquarium_bridge_island_small
          [aquarium_subvault_small_water, aquarium_subvault_wall,
          aquarium_subvault_window, aquarium_subvault_bridge,
          aquarium_subvault_wall], aquarium_window_2, aquarium_window_fake,
          aquarium_window_fake, aquarium_window_corridor_3, aquarium_view_2c,
          aquarium_view_2f, serial_shops, nicolae_lakefront_shop,
          nicolae_shop_behind_doors, shop, shop, shop
D:4:      layout_basic, mainiacjoe_overflow_24_doors, minmay_temple_entry_tees,
          portal_sewer_entry_a
Temple:   nicolae_temple_the_god_donut
Sewer:    sewer_minmay_w

Skill      XL: |  1  2  3  4  5 |
---------------+----------------+-----
Fighting       | 1 |  1.0
Short Blades   | 2 3 |  3.2
Armour         | 1 |  1.0
Stealth        | 5 6 |  6.2
Hexes          | 4 |  4.4
Ice Magic      | 1 |  1.0
Dodging        | |  2.6
Shields        | |  0.7
Spellcasting   | |  2.6

Action                   |  1- 3 |  4- 6 || total
-------------------------+-------+-------++-------
Melee: Dagger            |   113 |    90 ||   203
 Cast: Corona            |     5 |       ||     5
       Ensorcelled Hiber |    13 |    74 ||    87
  Use: Scroll            |       |     6 ||     6
       Potion            |       |     5 ||     5
 Stab: Sleeping          |    17 |    34 ||    51
Armor: Robe              |     6 |     3 ||     9
Dodge: Dodged            |    71 |    64 ||   135
Block: Buckler           |       |    28 ||    28
